 Dungeon Crawl Stone Soup version 0.22-a0-565-gfc6459a (webtiles) character file.

20 babystache the Shooter (level 2, -1/27 HPs)
             Began as a Troll Hunter on June 28, 2018.
             Succumbed to Sigmund's poison
             ... on level 2 of the Dungeon.
             The game lasted 00:10:33 (1091 turns).

babystache the Shooter (Troll Hunter)               Turns: 1091, Time: 00:10:34

Health: -1/27      AC:  5    Str: 19    XL:     2   Next: 58%
Magic:  1/1        EV: 10    Int:  7    God:
Gold:   24         SH:  0    Dex: 10    Spells: 1/1 levels left

rFire    . . .     SeeInvis .   a - +1 shortbow
rCold    . . .     Gourm    +   (shield currently unavailable)
rNeg     . . .     Faith    .   c - +0 robe
rPois    .         Spirit   .   (helmet restricted)
rElec    .         Reflect  .   (no cloak)
rCorr    .         Harm     .   (gloves unavailable)
MR       .....                  (boots unavailable)
Stlth    +.........             (no amulet)
HPRegen  0.49/turn              (no ring)
MPRegen  0.07/turn              (no ring)

@: lethally poisoned (-1 -> -24)
A: large, unfitting armour, claws 3, fast metabolism 3, gourmand, regeneration
1, shaggy fur 1, tough skin 2
a: no special abilities


You were on level 2 of the Dungeon.
You were not hungry.

You visited 1 branch of the dungeon, and saw 2 of its levels.

You collected 24 gold pieces.

Inventory:

Hand Weapons
 a - a +1 shortbow (weapon)
 b - a +0 short sword
 m - a +0 whip
Missiles
 d - an arrow (quivered)
 g - 10 poisoned needles
 n - a stone
Armour
 c - a +0 robe (worn)
Jewellery
 h - an uncursed amulet of regeneration {unknown}
Scrolls
 e - a scroll of amnesia {unknown}
 k - a scroll of identify {unknown}
 o - a scroll of enchant weapon {unknown}
Potions
 i - a potion of magic {unknown}
 j - a potion of lignification {unknown}
 p - a potion of curing {unknown}
 q - a potion of haste {unknown}
Comestibles
 f - 3 rations


   Skills:
 - Level 1.5 Fighting
 * Level 0.3 Maces & Flails
 + Level 3.1 Bows
 - Level 0.3 Throwing
 - Level 1.5 Dodging
 - Level 0.3 Stealth


You had one spell level left.
You didn't know any spells.
Your spell library was empty.

Dungeon Overview and Level Annotations

Branches:
Dungeon (2/15)

Altars:
Uskayaw

Annotations:
D:2 Sigmund


Innate Abilities, Weirdness & Mutations

You are too large for most types of armour.
You have claws for hands.
Your metabolism is lightning-fast.
You like to eat raw meat.
Your natural rate of healing is unusually fast.
You are covered in fur. (AC +1)
You have very tough skin. (AC +2)


Message History

Aim: Sigmund, wielding a scythe of venom and wearing a robe (moderately wounded)
You shoot an arrow. The arrow barely misses Sigmund.
* * * LOW HITPOINT WARNING * * *
You feel sick. Sigmund hits you but does no damage.
You are more poisoned.
Firing (i - inventory. (/) - cycle)
d - 3 arrows (quivered)
Press: ? - help, Shift-Dir - straight line, f/p - Sigmund
Aim: Sigmund, wielding a scythe of venom and wearing a robe (moderately wounded)
You shoot an arrow. The arrow barely misses Sigmund.
* * * LOW HITPOINT WARNING * * *
You feel sick.
Sigmund hits you from afar with a scythe of venom.
* * * LOW HITPOINT WARNING * * *
You are more poisoned.
Firing (i - inventory. (/) - cycle)
d - 2 arrows (quivered)
Press: ? - help, Shift-Dir - straight line, f/p - Sigmund
Aim: Sigmund, wielding a scythe of venom and wearing a robe (moderately wounded)
You shoot an arrow. The arrow hits Sigmund!
Sigmund is severely wounded.
You die...

..... #....#
......#(# .#
......#.# .#
.._....(# .#
......(#.# .#
......#.##.#
(.... #@.#.#
###.####))..#
........@##.#
###.##.## .#
#....# ..
##<### ###
#.# #.# #.#
#.# #.#


You could see Sigmund.

Vanquished Creatures
  A worm (D:2)
  6 goblins (D:1)
  4 jackals (D:1)
  3 kobolds
  A bat (D:1)
  A frilled lizard (D:1)
  A rat (D:1)
17 creatures vanquished.

Notes
Turn   | Place    | Note
-------+----------+-------------------------------------------
     0 | D:1      | babystache the Troll Hunter began the quest for the Orb.
     0 | D:1      | Reached XP level 1. HP: 19/19 MP: 0/0
   444 | D:1      | Reached skill level 3 in Bows
   525 | D:1      | Reached XP level 2. HP: 27/27 MP: 1/1
  1069 | D:2      | Found a hide-covered altar of Uskayaw.
  1070 | D:2      | Noticed Sigmund
  1090 | D:2      | HP: 1/27 [Sigmund/scythe of venom (3)]
  1091 | D:2      | Succumbed to Sigmund's poison

Vault maps used:
D:1:      nagdon_arrival_zigzag_paths, corner_web_ring
D:2:      old_standard_altar, first_ration, uniq_terence,
          uniq_crazy_yiuf_cottage, uniq_sigmund

Skill      XL: |  1 |
---------------+----+-----
Bows           | 3 |  3.1
Fighting       | |  1.5
Maces & Flails | |  0.3
Throwing       | |  0.3
Dodging        | |  1.5
Stealth        | |  0.3

Action                   || total
-------------------------++-------
Melee: Whip              ||     5
 Fire: Shortbow          ||    51
Throw: Stone             ||     5
  Eat: Chunk             ||     5
       Ration            ||     1
Armor: Robe              ||     6
Dodge: Dodged            ||    15

Table legend:
 A = Spawn XP
 B = Non-spawn XP
 C = Spawn XP percentage of total XP
 D = Spawn monster count
 E = Non-spawn monster count
 F = Spawn count percentage of total count
 G = Total turns spent on level
                    A         B        C        D         E        F      G
               +---------+---------+-------+---------+---------+-------+---------
         Total |       0 |      29 |   0.0 |       0 |      17 |   0.0 |  1091
               +---------+---------+-------+---------+---------+-------+---------
           D:1 |       0 |      24 |   0.0 |       0 |      15 |   0.0 |  1037
           D:2 |       0 |       5 |   0.0 |       0 |       2 |   0.0 |    54
               +---------+---------+-------+---------+---------+-------+---------
